 Dungeon Crawl Stone Soup version 0.31-a0-175-g9f7f995f2b (webtiles) character file.

Game seed: 9291804446290062847

123 sanka the Magician (level 5, -4/38 HPs)
             Began as a Djinni Warper on June 16, 2023.
             Slain by Natasha (6 damage)
             ... on level 2 of the Dungeon.
             The game lasted 00:04:56 (1961 turns).

sanka the Magician (Djinni Warper)                  Turns: 1961, Time: 00:04:57

Health: -4/38      AC:  3    Str: 10    XL:     5   Next: 29%
Gold:   103        EV: 11    Int: 17    God:
                   SH:  0    Dex: 12

rFire   + + +        a - +0 falchion
rCold   x . .        (no shield)
rNeg    . . .        b - +0 leather armour
rPois   ∞            (no helmet)
rElec   .            (no cloak)
rCorr   .            (no gloves)
SInv    .            (boots unavailable)
Will    .....        (no amulet)
Stlth   +            (no ring)
HPRegen 0.26/turn    h - ring of protection from fire
MPRegen 0.00/turn

%: infuse magic (-5 HP)
@: flying, very slightly contaminated
A: sickness immunity, fire resistance 2, cold vulnerability 1, float, innate
caster, HP casting, extra vitality 1
a: no special abilities


You were on level 2 of the Dungeon.
You visited 1 branch of the dungeon, and saw 2 of its levels.

You collected 103 gold pieces.


Innate Abilities, Weirdness & Mutations

You are immune to sickness and miasma.
You are immune to poison.
Your flesh is very heat resistant. (rF++)
You are vulnerable to cold. (rC-)
You float through the air rather than walking.
You learn spells naturally, not from books.
Your magical power is your life essence.
You have superior vitality. (+4 MHP)


   Skills:
 - Level 2.0 Fighting
 - Level 1.7 Long Blades
 - Level 0.7 Throwing
 - Level 1.0 Armour
 - Level 2.1 Dodging
 + Level 4.5 Spellcasting
 + Level 4.5 Conjurations
 + Level 4.5 Hexes
   Level 0.0 Charms
 + Level 4.5 Summonings
 + Level 4.5 Necromancy
 + Level 4.5 Translocations
 + Level 4.5 Transmutations
 + Level 4.5 Fire Magic
 + Level 4.5 Ice Magic
 + Level 4.5 Air Magic
 + Level 4.5 Earth Magic
 + Level 4.5 Poison Magic


You knew the following spells:

 Your Spells              Type           Power      Damage    Failure   Level
b - Blink                 Tloc           38%        N/A       4%          2
i - Manifold Assault      Tloc           19%        N/A       32%         4
o - Freeze                Ice            76%        1d8       3%          1
p - Momentum Strike       Conj/Tloc      38%        3d9       4%          2
u - Vhi's Electric Charg  Tloc/Air       38%        N/A       10%         3
y - Lesser Beckoning      Tloc           38%        N/A       4%          2
z - Teleport Other        Tloc           19%        N/A       10%         3
Your spell library was empty.

Inventory:

Hand Weapons
 a - a +0 falchion (weapon)
Missiles
 d - 7 boomerangs of dispersal {=f}
Armour
 b - a +0 leather armour (worn)
Jewellery
 h - a ring of protection from fire (right hand)
Scrolls
 c - a scroll of blinking
 e - 2 scrolls of identify {unknown}
 f - a scroll of immolation {unknown}
 g - a scroll of vulnerability {unknown}
Potions
 i - a potion of heal wounds {unknown}

Dungeon Overview and Level Annotations

Branches:
Dungeon (2/15)

Altars:

Shops:
D:2 (

Annotations:
D:2 Natasha

..... ...................+. .....
▒▒▒▒▒▒.▒......▒▒▒▒.....▒. ▒▒▒▒.
.....▒........▒▒ ▒....... .....
.........▒.....▒▒▒.......
▒▒▒.....................▒▒▒...▒..
......<..........▒.......▒▒...▒..
................▒▒.....▒......▒..
..................▒▒..........▒.^
................R.▒▒..........▒..
.▒...............h▒▒.............
...................▒.............
...................▒.............
.............▒.....▒..........▒..
.............▒........▒▒'▒▒▒▒....
....▒.....▒▒▒▒...........▒▒▒▒▒▒..
.▒▒▒▒.▒..................▒.......
▒▒▒▒▒.▒....▒▒▒.▒▒▒.▒.....▒.▒▒▒▒▒▒


You could see Natasha (resistant).


Message History

Natasha claws you.
* * * LOW HITPOINT WARNING * * *
You freeze Natasha.
Natasha resists.
Natasha is severely wounded.
* * * LOW HITPOINT WARNING * * *
Natasha misses you.
You miscast Freeze.
You are very lightly contaminated with residual magic.
Nothing appears to happen.
* * * LOW HITPOINT WARNING * * *
Natasha casts a spell at you. The magic dart hits you!
* * * LOW HITPOINT WARNING * * *
You freeze Natasha.
Natasha resists.
Natasha is severely wounded.
* * * LOW HITPOINT WARNING * * *
Natasha closely misses you.
You miscast Freeze.
Nothing appears to happen.
* * * LOW HITPOINT WARNING * * *
Natasha barely misses you.
You don't have enough health to cast this spell.
You aren't carrying any items that you can evoke.
Unknown command.
You closely miss Natasha.
Natasha is severely wounded.
Natasha claws you.
You die...

Action                     |  1- 3 |  4- 6 || total
---------------------------+-------+-------++-------
  Melee: Falchion          |    95 |     4 ||    99
         Punch             |     1 |       ||     1
   Cast: Freeze            |    29 |    38 ||    67
 Armour: Leather armour    |    47 |     9 ||    56
  Dodge: Dodged            |    76 |    13 ||    89

Levels and vault maps discovered:
D:1:      heliophobic_arrival_glass_houses, layout_basic,
          shapermc_ecumenical_altar_mp_ritualfount
D:2:      layout_basic, serial_shops, shop, minmay_indecisive_spiral,
          uniq_natasha

Notes
Turn   | Place    | Note
-------+----------+-------------------------------------------
     0 | D:1      | sanka the Djinni Warper began the quest for the Orb.
     0 | D:1      | sanka set off with the following spells memorised: Blink,
                  | Lesser Beckoning, Vhi's Electric Charge, Teleport Other,
                  | Manifold Assault.
     0 | D:1      | Reached XP level 1. HP: 18/18 MP: 0/0
    91 | D:1      | Reached skill level 3 in Spellcasting
    91 | D:1      | Reached skill level 3 in Conjurations
    91 | D:1      | Reached skill level 3 in Hexes
    91 | D:1      | Reached skill level 3 in Summonings
    91 | D:1      | Reached skill level 3 in Necromancy
    91 | D:1      | Reached skill level 3 in Translocations
    91 | D:1      | Reached skill level 3 in Transmutations
    91 | D:1      | Reached skill level 3 in Fire Magic
    91 | D:1      | Reached skill level 3 in Ice Magic
    91 | D:1      | Reached skill level 3 in Air Magic
    91 | D:1      | Reached skill level 3 in Earth Magic
    91 | D:1      | Reached skill level 3 in Poison Magic
   148 | D:1      | Reached XP level 2. HP: 19/23 MP: 0/0
   411 | D:1      | Found a faded altar of an unknown god.
   434 | D:1      | Reached XP level 3. HP: 28/28 MP: 0/0
   434 | D:1      | Learned a level 1 spell: Freeze
  1236 | D:2      | Found Mosy's Antique Weapon Shoppe.
  1310 | D:2      | Reached XP level 4. HP: 8/33 MP: 0/0
  1445 | D:2      | Reached skill level 4 in Spellcasting
  1445 | D:2      | Reached skill level 4 in Conjurations
  1445 | D:2      | Reached skill level 4 in Hexes
  1445 | D:2      | Reached skill level 4 in Summonings
  1445 | D:2      | Reached skill level 4 in Necromancy
  1445 | D:2      | Reached skill level 4 in Translocations
  1445 | D:2      | Reached skill level 4 in Transmutations
  1445 | D:2      | Reached skill level 4 in Fire Magic
  1445 | D:2      | Reached skill level 4 in Ice Magic
  1445 | D:2      | Reached skill level 4 in Air Magic
  1445 | D:2      | Reached skill level 4 in Earth Magic
  1445 | D:2      | Reached skill level 4 in Poison Magic
  1629 | D:2      | Noticed Natasha
  1639 | D:2      | Killed Natasha
  1664 | D:2      | Noticed Natasha
  1674 | D:2      | Killed Natasha
  1675 | D:2      | Reached XP level 5. HP: 3/38 MP: 0/0
  1675 | D:2      | Learned a level 2 spell: Momentum Strike
  1947 | D:2      | Noticed Natasha
  1958 | D:2      | HP: 3/38 [Natasha/magic dart (7)]
  1961 | D:2      | Slain by Natasha

Vanquished Creatures
  Natasha (twice) (D:2)
  An adder (D:2)
  2 worms (D:2)
  A dart slug (D:2)
  5 endoplasms
  6 giant cockroaches
  4 goblins
  6 hobgoblins
  9 kobolds
  2 quokkas (D:2)
  6 ball pythons
  6 bats
  A frilled lizard (D:1)
  5 rats
56 creatures vanquished.
